 Dungeon Crawl Stone Soup version 0.19-a0-1937-g70ed36a (webtiles) character file.

663 varam the Conjurer (level 7, -1/36 HPs)
             Began as a Deep Elf Conjurer on Oct 26, 2016.
             Killed by divine providence
             ... invoked by an orc priest
              (13 damage)
             ... on level 5 of the Dungeon.
             The game lasted 00:19:00 (5304 turns).

varam the Conjurer (Deep Elf Conjurer)              Turns: 5304, Time: 00:19:02

Health: -1/36      AC:  2    Str:  5    XL:     7   Next: 31%
Magic:  15/26      EV: 13    Int: 22    God:
Gold:   228        SH:  0    Dex: 15    Spells: 3 memorised, 8 levels left

rFire  . . .     SeeInvis .     d - +0 dagger (flame)
rCold  . . .     Gourm    .     a - +0 robe
rNeg   . . .     Faith    .     (no shield)
rPois  .         Spirit   .     (no helmet)
rElec  .         Reflect  .     (no cloak)
rCorr  .         Harm     .     (no gloves)
MR     .....                    (no boots)
Stlth  ++........               k - amulet of regeneration
                                (no ring)
                                f - ring of magical power

@: no status effects
A: no striking features
a: no special abilities


You were on level 5 of the Dungeon.
You were not hungry.

You visited 1 branch of the dungeon, and saw 5 of its levels.

You collected 228 gold pieces.

Inventory:

Hand Weapons
 d - a +0 dagger of flaming (weapon)
Armour
 a - a +0 robe (worn)
Jewellery
 f - a ring of magical power (left hand)
 k - an amulet of regeneration (around neck)
Wands
 r - a wand of lightning (5/15)
Scrolls
 h - 4 scrolls of remove curse {@r2}
 i - 3 scrolls of blinking
 l - a scroll of enchant armour {unknown}
 m - a scroll of amnesia {unknown}
 p - 4 scrolls of enchant weapon
 q - 2 scrolls of teleportation
 t - 2 scrolls of immolation {unknown}
 u - 2 scrolls of random uselessness {unknown}
 x - a scroll of recharging {unknown}
Potions
 e - a potion of mutation {unknown}
 j - a potion of magic {unknown}
 n - 2 potions of curing {@q1}
 o - a potion of might {unknown}
 s - 2 potions of lignification {unknown}
 w - a potion of heal wounds {unknown}
Books
 b - a book of Conjurations

   Spells                             Type                      Level
   a - Magic Dart                     Conjuration                  1
   b - Searing Ray                    Conjuration                  2
   c - Dazzling Spray                 Conjuration/Hexes            3
   d - Fulminant Prism                Conjuration/Hexes            4
   e - Iskenderun's Mystic Blast      Conjuration                  4
   f - Iskenderun's Battlesphere      Conjuration/Charms           5
Comestibles
 c - 2 bread rations
 g - 3 chunks of flesh
 v - 4 fruits


   Skills:
 - Level 2.4 Dodging
 - Level 2.4 Stealth
 - Level 5.8 Spellcasting
 * Level 7.8 Conjurations
 * Level 5.3 Charms


You had 8 spell levels left.
You knew the following spells:

 Your Spells              Type           Power        Failure   Level  Hunger
a - Magic Dart            Conj           ####         1%          1    None
c - Dazzling Spray        Conj/Hex       ###...       8%          3    ##.....
e - Iskenderun's Battles  Conj/Chrm      #####...     17%         5    #####..


Dungeon Overview and Level Annotations

Branches:
Dungeon (5/15)
 Temple: D:4-7

Altars:
Cheibriados
The Shining One


Message History

An orc comes into view.
The orc shouts!
Found a robe.
An orc priest comes into view. It is wielding a morningstar.
Casting: Dazzling Spray
Confirm with . or Enter, or press ? or * to list all spells.
Aiming: Dazzling Spray
Press: ? - help, Shift-Dir - straight line, f/p - orc priest
Aim: an orc priest, wielding a flail and wearing a dyed leather armour (moderately wounded)
The spray of energy hits the orc priest.
The orc priest is moderately wounded.
The spray of energy hits the sky beast.
The sky beast is lightly wounded.
The orc priest shouts!
The orc priest calls down the wrath of Beogh upon you.
Beogh smites you!
An orc wizard comes into view. It is wielding a dagger.
The orc priest calls down the wrath of Beogh upon you.
Beogh smites you!
You die...

............##.#.....##....#
............##....P..##.....
............##....P..##.....
.......÷.............##.....
.............##.#..#.##.....
.............##.#.##.##.....
............###...##.##.....
............# ##..##.##.....
...........@# #......'.....
............# #..#...#.....
.....####o### ##.#...#.....
..## .... #.....#.####
....Y. ##.#+##.# ...W.....
#...##+# ..o...... #........
..≈≈≈≈≈... #........ oo≈.[..
#..>.....


You could see a phantom, an orc priest and an orc.

Vanquished Creatures
  An ogre (D:5)
  A scorpion (D:4)
  2 howler monkeys
  A bullfrog zombie (D:5)
  A bullfrog skeleton (D:5)
  An orc priest (D:3)
  Terence (D:3)
  Jessica (D:3)
  An iguana (D:5)
  3 worker ants
  A killer bee zombie (D:5)
  A hound skeleton (D:4)
  2 howler monkey skeletons (D:5)
  5 adders
  An ooze (D:1)
  3 worms
  6 dart slugs
  4 leopard geckos
  11 orcs
  2 ball pythons (D:2)
  4 bats
  6 giant cockroaches
  6 goblins
  4 hobgoblins (D:1)
  6 jackals
  6 kobolds
  3 quokkas
  2 frilled lizards
  A giant cockroach zombie (D:5)
  2 quokka skeletons
  4 rats
93 creatures vanquished.

Notes
Turn   | Place    | Note
-------+----------+-------------------------------------------
     0 | D:1      | varam the Deep Elf Conjurer began the quest for the Orb.
     0 | D:1      | Reached XP level 1. HP: 10/10 MP: 6/6
   414 | D:1      | Reached XP level 2. HP: 15/15 MP: 8/8
   464 | D:1      | Found a glowing golden altar of the Shining One.
   658 | D:1      | Reached skill level 5 in Conjurations
  1085 | D:1      | Reached XP level 3. HP: 19/19 MP: 7/10
  1573 | D:1      | Learned a level 3 spell: Dazzling Spray
  1965 | D:2      | Reached XP level 4. HP: 24/24 MP: 4/11
  2402 | D:3      | Noticed Jessica
  2406 | D:3      | Killed Jessica
  2406 | D:3      | Reached skill level 6 in Conjurations
  2576 | D:3      | Noticed Terence
  2642 | D:3      | Killed Terence
  2706 | D:3      | Reached XP level 5. HP: 26/28 MP: 0/14
  2865 | D:3      | Learned a level 5 spell: Iskenderun's Battlesphere
  3241 | D:4      | Reached skill level 5 in Spellcasting
  3241 | D:4      | Reached skill level 1 in Charms
  3348 | D:4      | Found a snail-covered altar of Cheibriados.
  3400 | D:4      | Noticed a phantom
  3613 | D:4      | Reached XP level 6. HP: 29/32 MP: 7/15
  3787 | D:4      | Reached skill level 7 in Conjurations
  4100 | D:5      | Entered Level 5 of the Dungeon
  4513 | D:5      | Reached XP level 7. HP: 36/36 MP: 11/17
  5176 | D:5      | Reached skill level 5 in Charms
  5304 | D:5      | Killed from afar by an orc priest

Vault maps used:
D:1:      onia_arrival_pyramid, corner_web_ring, tso_altar
D:2:      lemuel_upstairs_altar
D:3:      uniq_terence, uniq_jessica
D:4:      first_bread, cheibriados_altar_1
D:5:      serial_park_tiny_1, kennysheep_potato

Skill      XL: |  1  2  3  4  5  6  7 |
---------------+----------------------+-----
Conjurations   | 5 6 7 |  7.8
Spellcasting   | 4 5 |  5.8
Charms         | 2 4 5 |  5.3
Dodging        | |  2.4
Stealth        | |  2.4

Action                   |  1- 3 |  4- 6 |  7- 9 || total
-------------------------+-------+-------+-------++-------
Melee: Dagger            |    18 |    46 |     2 ||    66
 Cast: Magic Dart        |    76 |    79 |    52 ||   207
       Dazzling Spray    |     3 |    34 |    18 ||    55
       Iskenderun's Batt |       |       |     1 ||     1
  Use: Scroll            |       |     6 |       ||     6
 Stab: Sleeping          |     1 |       |       ||     1
       Invisible         |     1 |     4 |       ||     5
  Eat: Chunk             |     3 |     9 |     2 ||    14
       Beef jerky        |       |     1 |       ||     1
Armor: Robe              |     3 |    10 |       ||    13
Dodge: Dodged            |    29 |    49 |    16 ||    94
